 Dungeon Crawl Stone Soup version 0.23-a0-171-g5ae17c6e89 (webtiles) character file.

2034 PikkenKukken the Cudgeler (level 9, -2/81 HPs)
             Began as a Deep Dwarf Fighter on Sept 15, 2018.
             Was a Follower of Makhleb.
             Killed from afar by a steam dragon (21 damage)
             ... with a ball of steam
             ... on level 7 of the Dungeon.
             The game lasted 00:09:40 (4185 turns).

PikkenKukken the Cudgeler (Deep Dwarf Fighter)      Turns: 4185, Time: 00:09:41

Health: -2/81      AC: 11    Str: 22    XL:     9   Next: 3%
Magic:  6/6        EV:  6    Int:  9    God:    Makhleb [*.....]
Gold:   140        SH: 12    Dex: 21    Spells: 8/8 levels left

rFire    . . .     SeeInvis .   n - +1 morningstar
rCold    . . .     Gourm    .   c - +1 shield
rNeg     . . .     Faith    .   m - +0 chain mail
rPois    +         Spirit   .   (no helmet)
rElec    .         Reflect  .   (no cloak)
rCorr    .         Harm     .   s - +0 pair of gloves
MR       +....                  (no boots)
Stlth    ..........             (no amulet)
HPRegen  0.00/turn              y - ring of stealth
MPRegen  0.10/turn              d - ring "Zaof" {Dex+6 Stlth-}

@: non-regenerating
A: damage resistance, heal wounds, agile 1, blink, sense surroundings 2, poison
resistance, subdued magic 1, no regeneration
a: Heal Wounds, Blink, Renounce Religion


You were on level 7 of the Dungeon.
You worshipped Makhleb.
Makhleb was aware of your devotion.
You were not hungry.

You visited 1 branch of the dungeon, and saw 7 of its levels.

You collected 252 gold pieces.
You spent 112 gold pieces at shops.

Inventory:

Hand Weapons
 n - a +1 morningstar (weapon)
Armour
 b - a +0 scale mail
 c - a +1 shield (worn)
 m - a +0 chain mail (worn)
 s - a +0 pair of gloves (worn)
Jewellery
 d - a ring "Zaof" (right hand) {Dex+6 Stlth-}
   (You found it on level 5 of the Dungeon)

   [ring of attention]

   It affects your dexterity (+6).
   It makes you less stealthy.
 t - an uncursed ring of fire
 y - a ring of stealth (left hand)
Wands
 h - a wand of acid (12)
 l - a wand of paralysis (9)
 p - a wand of enslavement (19)
 q - a wand of iceblast (9)
Scrolls
 a - 5 scrolls of remove curse
 r - a scroll of amnesia
 v - 2 scrolls of enchant weapon
Potions
 e - 3 potions of lignification
 g - a potion of mutation
 i - a potion of flight {unknown}
 j - 3 potions of haste
 k - a potion of agility {unknown}
 o - 2 potions of heal wounds
 w - a potion of curing {unknown}
 x - a potion of might
Comestibles
 f - 12 rations
 u - 6 chunks of flesh


   Skills:
 + Level 5.3 Fighting
 * Level 7.5 Maces & Flails
 + Level 6.4 Armour
 + Level 6.4 Shields
 + Level 3.8 Invocations


You had 8 spell levels left.
You didn't know any spells.
Your spell library contained the following spells:

 Spells                   Type           Power        Failure   Level  Hunger
 Magic Dart               Conj           #...         100%        1    ##.....
 Blink                    Tloc           N/A          100%        2    ###....
 Call Imp                 Summ           #.......     100%        2    ###....
 Slow                     Hex            #.......     100%        2    ###....
 Conjure Flame            Conj/Fire      #.......     100%        3    ####...
 Mephitic Cloud           Conj/Pois/Air  #.......     100%        3    ####...


Dungeon Overview and Level Annotations

Branches:
Dungeon (7/15)             Temple (0/1) D:5

Altars:
Fedhas
Kikubaaqudgha
Makhleb
Trog
Uskayaw
Wu Jian
Yredelemnul
The Shining One

Shops:
D:6 ([!}

Annotations:
D:6 1 transporter, P0WERM0DE's ghost, novice VSFi


Innate Abilities, Weirdness & Mutations

You are resistant to damage.
You can heal yourself by infusing magical energy.
You passively map the area around you.
You do not regenerate.
You are agile. (Dex +2)
You can translocate small distances at will.
Your system is resistant to poisons. (rPois)
Your spells are a little easier to cast, but a little less powerful.


Message History

Found a ration.
There is a stone staircase leading up here.
A steam dragon comes into view.
The steam dragon hisses angrily.
The steam dragon bites you. The steam dragon claws you.
You barely miss the steam dragon. The steam dragon breathes steam at you.
The ball of steam misses you.
You hear a shout! x2
You sock the steam dragon!
The steam dragon is heavily wounded.
You are engulfed in a cloud of scalding steam.
* * * LOW HITPOINT WARNING * * *
The steam dragon bites you. You block the steam dragon's attack.
You closely miss the steam dragon.
The steam dragon is heavily wounded.
You are engulfed in a cloud of scalding steam.
The steam dragon breathes steam at you. The ball of steam hits you!
You die...

......#..### *
.......#.. ..#..##.
... , , ###, .....**.
... , , ##.. ..... ..
.### # ...###.#.# .##
* , ...*
#..##.#.#...# * * ,
**##...###§.§§..#.#..
, ,
#.....D@.§§.#....##,,
, ..#######§.§#.....#
,, , * ** #..§.......
, , #..<##...# , , *
#...#* ..# , * #...#
, .# * #...# ,,, *
#...# * * * * #...#


You could see a steam dragon.

Vanquished Creatures
  A hippogriff (D:5)
  Edmund (D:6)
  3 black bears (D:6)
  A phantom (D:6)
  3 ogres
  Blork the orc (D:6)
  A jelly (D:3)
  2 scorpions (D:4)
  2 crimson imps (D:6)
  A bullfrog zombie (D:6)
  2 hounds
  A gnoll shaman (D:4)
  6 orc priests
  5 orc wizards
  Terence (D:2)
  2 iguanas (D:5)
  5 worker ants
  A worker ant zombie (D:6)
  9 adders
  3 gnolls (D:4)
  An adder zombie (D:5)
  4 dart slugs
  3 leopard geckos
  23 orcs
  2 ball pythons (D:3)
  5 bats
  5 giant cockroaches
  3 goblins
  10 hobgoblins
  5 kobolds
  2 quokkas
  2 frilled lizards
  2 jackal skeletons (D:6)
  6 rats
  A spectral orc (D:6)
125 creatures vanquished.

Notes
Turn   | Place    | Note
-------+----------+-------------------------------------------
     0 | D:1      | PikkenKukken the Deep Dwarf Fighter began the quest for the
                  | Orb.
     0 | D:1      | Reached XP level 1. HP: 20/20 MP: 1/1
   238 | D:1      | Reached XP level 2. HP: 27/27 MP: 2/2
   721 | D:2      | Reached XP level 3. HP: 27/34 MP: 3/3
   858 | D:2      | Found a blossoming altar of Fedhas.
   992 | D:2      | Noticed Terence
  1011 | D:2      | Killed Terence
  1011 | D:2      | Reached skill level 3 in Maces & Flails
  1011 | D:2      | Reached XP level 4. HP: 10/42 MP: 4/4
  1124 | D:2      | Found an ancient bone altar of Kikubaaqudgha.
  1394 | D:3      | Reached XP level 5. HP: 30/49 MP: 3/3
  1590 | D:3      | Reached skill level 4 in Maces & Flails
  1898 | D:4      | Noticed an ogre
  1901 | D:4      | Killed an ogre
  1901 | D:4      | Reached XP level 6. HP: 24/57 MP: 4/4
  2003 | D:4      | Found a glowing golden altar of the Shining One.
  2291 | D:4      | Reached skill level 5 in Maces & Flails
  2291 | D:4      | Reached XP level 7. HP: 39/64 MP: 5/5
  2334 | D:4      | Reached skill level 5 in Armour
  2335 | D:4      | Reached skill level 5 in Shields
  2419 | D:4      | Found a burning altar of Makhleb.
  2427 | D:4      | Became a worshipper of Makhleb the Destroyer
  2544 | D:4      | Found a hide-covered altar of Uskayaw.
  2868 | D:5      | Entered Level 5 of the Dungeon
  2971 | D:5      | Got a clouded lapis lazuli ring
  2972 | D:5      | Identified a ring "Zaof" {Dex+6 Stlth-} (You found it on
                  | level 5 of the Dungeon)
  2994 | D:5      | Gained mutation: You can translocate small distances at
                  | will. [potion of mutation]
  2994 | D:5      | Gained mutation: You are agile. (Dex +2) [potion of
                  | mutation]
  2994 | D:5      | Gained mutation: Your spells are a little easier to cast,
                  | but a little less powerful. [potion of mutation]
  2994 | D:5      | Gained mutation: Your system is resistant to poisons.
                  | (rPois) [potion of mutation]
  3088 | D:5      | Reached skill level 6 in Maces & Flails
  3328 | D:5      | Found a staircase to the Ecumenical Temple.
  3329 | D:5      | Found a faded altar of an unknown god.
  3585 | D:6      | Noticed Blork the orc
  3597 | D:6      | Killed Blork the orc
  3597 | D:6      | Reached XP level 8. HP: 56/73 MP: 4/4
  3609 | D:6      | Noticed a hippogriff
  3626 | D:5      | Reached skill level 1 in Invocations
  3640 | D:5      | Killed a hippogriff
  3727 | D:6      | Found Hing's Antique Weapon Boutique.
  3743 | D:6      | Reached skill level 5 in Fighting
  3753 | D:6      | Reached skill level 7 in Maces & Flails
  3770 | D:6      | Found Huaclux's Armour Shoppe.
  3795 | D:6      | Found Waethe's Distillery.
  3803 | D:6      | Found a bloodstained altar of Trog.
  3856 | D:6      | Bought a potion of might for 56 gold pieces
  3856 | D:6      | Bought a potion of might for 56 gold pieces
  3881 | D:6      | Found Kyis Ved's Gadget Shoppe.
  3881 | D:6      | Noticed Edmund
  3884 | D:6      | Found an ornate altar of the Wu Jian Council.
  3893 | D:6      | Killed Edmund
  3906 | D:6      | Reached * piety under Makhleb
  3914 | D:6      | Gained mutation: You passively map the area around you.
                  | [Deep Dwarf growth]
  3914 | D:6      | Reached XP level 9. HP: 35/81 MP: 6/6
  3989 | D:6      | Found a transporter.
  3990 | D:6      | Noticed P0WERM0DE's ghost (novice VSFi)
  4026 | D:6      | Found a basalt altar of Yredelemnul.
  4185 | D:7      | Killed from afar by a steam dragon

Vault maps used:
D:1:      elethiomel_arrival_quiet
D:2:      kiku_gazebo_garden_becter, first_ration, fedhas_altar_1, uniq_terence
D:3:      minmay_door_path
D:4:      eat_drink_and_be_merry_uskayaw, marbit_many_paths, bloody_makhleb
D:5:      nicolae_temple_entry_ecumenical
D:6:      lemuel_round_altar, trog_ov_bears_minmay,
          yredelemnul_forgotten_temple_becter, serial_shops, shop, shop,
          nicolae_shop_stone, shop, gammafunk_ghost_smash, uniq_edmund,
          uniq_blork_the_orc
D:7:      lemuel_doored_altar, zin_purify, kennysheep_mini, grunt_livestock,
          amethyst_killhole

Skill      XL: |  1  2  3  4  5  6  7  8 |
---------------+-------------------------+-----
Fighting       | 3 4 5 |  5.3
Maces & Flails | 3 4 5 6 7 |  7.5
Armour         | 4 5 6 |  6.4
Shields        | 4 5 6 |  6.4
Invocations    | 3 |  3.8

Action                   |  1- 3 |  4- 6 |  7- 9 || total
-------------------------+-------+-------+-------++-------
Melee: Flail             |   122 |    36 |       ||   158
       Morningstar       |       |   121 |   280 ||   401
 Abil: Heal Wounds       |       |     5 |     4 ||     9
  Use: Scroll            |     4 |     5 |     2 ||    11
       Potion            |       |     1 |     2 ||     3
  Eat: Chunk             |     1 |     4 |     7 ||    12
Armor: Scale mail        |    52 |     6 |       ||    58
       Chain mail        |       |    59 |   181 ||   240
Dodge: Dodged            |    29 |    23 |    72 ||   124
Block: Shield            |    50 |    99 |   207 ||   356

Table legend:
 A = Non-vault XP
 B = Vault XP
 C = Vault XP percentage of total XP
 D = Non-vault monster count
 E = Vault monster count
 F = Vault count percentage of total count
                 A         B        C        D         E       F
            +---------+---------+-------+---------+---------+-------
      Total |    2233 |     673 |  23.2 |     116 |       9 |   7.2
            +---------+---------+-------+---------+---------+-------
        D:1 |      27 |       0 |   0.0 |      12 |       0 |   0.0
        D:2 |      98 |      38 |  27.9 |      24 |       1 |   4.0
        D:3 |     183 |      14 |   7.1 |      15 |       2 |  11.8
        D:4 |     601 |     112 |  15.7 |      24 |       1 |   4.0
        D:5 |     675 |       0 |   0.0 |      16 |       0 |   0.0
        D:6 |     649 |     509 |  44.0 |      25 |       5 |  16.7
            +---------+---------+-------+---------+---------+-------
